[Event "Lliga Catalana DH 2023"]
[Site "Catalonia"]
[Date "2023.03.25"]
[Round "10.6"]
[White "Moskalenko, Viktor"]
[Black "Pardo Simon, David"]
[Result "1/2-1/2"]
[ECO "D31"]
[WhiteElo "2448"]
[BlackElo "2455"]
[Annotator "TA"]
[PlyCount "54"]
[EventDate "2023.01.24"]
[EventType "team-tourn"]
[EventCountry "ESP"]
[SourceTitle "playchess.com"]
[Source "ChessBase"]
[SourceQuality "1"]
[TimeControl "40/5400+30:1800+30"]

1. c4 e6 2. Nc3 d5 3. d4 a6 4. cxd5 exd5 5. Nf3 c6 6. Bf4 {[%emt 0:01:41] D31: Queen's Gambit Declined: Semi-Slav without ...Nf6 (+ Marshall Gambit and Noteboom) and Exchange Variation lines without ...Nf6.} Bd6 7. Bg3 (7. Bxd6 $14 Qxd6 8. e4) 7... Ne7 $11 8. e3 {[%emt 0:01:32] The position is equal.} Nf5 9. Bd3 Nxg3 10. hxg3 Nd7 11. Qc2 (11. Bxh7 $2 {perishes.} Nf8 12. Qd3 g6 $19) ({Much worse is} 11. Rxh7 Rxh7 12. Bxh7 g6 $17) 11... Nf6 12. O-O-O h6 {[%emt 0:03:35] [#]} 13. Kb1 $146 ({Predecessor:} 13. Nd2 Be6 14. Ne2 Qb6 15. Nb3 O-O-O 16. Nc5 Kb8 17. Kb1 Bc8 18. Rc1 Rhe8 19. Qa4 Ng4 20. Rhf1 Nh2 21. Rfd1 Ng4 22. Rf1 Nh2 23. Rfd1 Ng4 24. Rf1 {½-½ Olsen,F (2391)-Kraus,T (2479) Ceske Budejovice 2019 (1)}) 13... O-O 14. Nd2 Re8 15. Nf1 b6 (15... a5 $1 $17) 16. f3 c5 17. g4 {[%emt 0:07:18][%cal Og4g5] [#]} cxd4 (17... c4 $1 $17 18. Bf5 Bxf5 19. Qxf5 Qc8) 18. exd4 Qc7 19. Qf2 b5 20. g3 (20. Ne3 $5 ) 20... b4 $1 $36 {[%emt 0:03:01][%mdl 2048] Black has the initiative.} 21. Ne2 b3 22. axb3 {[%emt 0:01:29][%cal Og4g5] g5! is the strong threat.} Bd7 $2 {[%emt 0:02:32] [#]} (22... Rb8 $11) 23. Nc3 $2 ({White has to play} 23. g5 $1 $16 hxg5 24. Qh2) 23... Rab8 $1 $15 24. Bc2 ({Wrong is} 24. Ne3 $2 Bxg3 25. Qd2 Rxb3 26. Nexd5 Nxd5 27. Nxd5 Qd6 $19) 24... Bb4 $1 25. Na2 {[%emt 0:00:26][%cal Og4g5] Black must now prevent g5!} a5 $1 {[%emt 0:02:54][%cal Oa5a4] Threatens to win with ...a4!} 26. g5 $1 hxg5 (26... a4 $1 $15 {keeps the upper hand.}) 27. Ne3 $16 Be6 {[%emt 0:14:31] Weighted Error Value: White=0.23 (precise) /Black=0.28 (precise)} (27... Rxe3 $2 28. Qxe3 Qxg3 29. Nxb4 $16 {[%mdl 64] Remove Defender}) ({Black should play} 27... Kf8) 1/2-1/2

[Event "Lliga Catalana DH 2023"]
[Site "Catalonia"]
[Date "2023.03.25"]
[Round "10.6"]
[White "Alcala Gonzalez, Cesar"]
[Black "Matnadze Bujiashvili, Ann"]
[Result "0-1"]
[ECO "D36"]
[WhiteElo "2262"]
[BlackElo "2392"]
[Annotator "TA"]
[PlyCount "146"]
[EventDate "2023.01.24"]
[EventType "team-tourn"]
[EventCountry "ESP"]
[SourceTitle "playchess.com"]
[Source "ChessBase"]
[SourceQuality "1"]
[TimeControl "40/5400+30:1800+30"]

1. d4 Nf6 2. c4 e6 3. Nc3 d5 4. cxd5 exd5 5. Bg5 c6 6. Qc2 Be7 7. e3 Nbd7 8. Bd3 Nf8 9. Nge2 Ne6 10. Bh4 g6 11. O-O Ng4 {D36: Queen's Gambit Declined: Exchange Variation: Main line (5 Bg5 c6 6 Qc2).} 12. Bxe7 {[#]} Qc7 $146 {[%csl Gg4][%cal Rc7h2] [#]} ({Predecessor:} 12... Qxe7 13. h3 Nh6 14. Rac1 O-O 15. a3 a6 16. Rfe1 Ng5 17. Nf4 Bf5 18. f3 Qd7 19. Qf2 Bxd3 20. Nxd3 {½-½ Navarro,P (2185)-Canabate Carmona,F (2115) Andalucia-ch 1991 (7)}) 13. f4 Qxe7 $11 {The position is equal.} 14. Qd2 Ng7 (14... Qh4 15. h3 Nh6 16. e4 $16) 15. Rae1 O-O (15... Qxe3+ $2 16. Qxe3+ Nxe3 17. Ng3 $18) (15... Nxe3 $2 16. Ng3 $18) 16. e4 dxe4 17. Nxe4 Bf5 18. N2c3 Qb4 19. Be2 {Strongly threatening Bxg4.} Bxe4 20. Bxg4 ({But not} 20. Nxe4 Qxd2 21. Nxd2 Ne3 $17) 20... Bf5 21. Bf3 Rad8 22. d5 cxd5 23. Bxd5 Be6 24. Rd1 Bg4 25. Qd4 Qxd4+ (25... Qxb2 $15 26. Rd2 Qa3) 26. Rxd4 Nf5 27. Re4 Nd6 28. Re7 Kg7 29. h3 Bc8 30. Rfe1 h5 31. h4 Nf5 32. Rc7 Rd7 $36 {[%mdl 2048] Black has some pressure.} 33. Rxd7 Bxd7 34. Kf2 b5 35. a3 a5 36. g3 Rd8 37. b4 Rc8 38. Ne4 (38. Rc1 $1 $11 {keeps the balance.}) 38... axb4 $17 39. axb4 Bc6 40. Rd1 Bxd5 41. Rxd5 {[%mdl 4096] Endgame KRN-KRN} Rc4 42. Nd6 (42. Ng5 $17 {was called for.}) 42... Nxd6 $19 ({Weaker is} 42... Rxb4 43. Nxf5+ (43. Nxb5 $2 {loses.} Rb2+ 44. Ke1 Nxg3 $19) 43... gxf5 44. Rxf5 $11) 43. Rxd6 Rxb4 {KR-KR} 44. Rb6 Rb2+ 45. Kf3 Rb3+ 46. Kf2 b4 47. Kg2 Rb1 48. Kf2 b3 49. Kg2 b2 $2 ({Black should play} 49... Kf8 $19 {...Ke7 would be deadly.} 50. Rb5 b2) 50. Kh2 $11 Kf8 51. Rb7 $1 Ke8 52. Kg2 Kd8 53. Kh2 Kc8 54. Rb3 Kc7 55. Kg2 Kc6 56. Rb8 f6 57. Rb3 Kd5 58. Rb8 Kc4 59. Rc8+ Kd3 60. Rd8+ $1 Ke4 61. Rb8 Kf5 62. Rb5+ Kg4 63. Kh2 $2 (63. Rb4 $11 {and White has nothing to worry.}) 63... Rc1 $2 (63... Kf3 $19 {( -> ...Re1)} 64. Rb3+ Kf2) 64. Rxb2 Rc3 65. Rg2 $2 (65. Ra2 $11 {and White stays safe.}) 65... Ra3 $2 (65... f5 $1 $19 {...Ra3 is the strong threat.} 66. Rg1 Re3) 66. Rg1 $2 (66. Rc2 $11 {and White is okay.}) 66... Re3 $19 67. Rg2 {Dodges Re2} Kf3 $2 ({Black should try} 67... f5 $19 {Threatens to win with ...Rf3.} 68. Ra2 Rxg3) 68. Kh3 $2 {[%mdl 8192] [#]} (68. Rg1 $11) 68... Re1 $1 {Black mates.} 69. Kh2 Re2 70. Rxe2 Kxe2 71. Kg2 f5 72. Kg1 Kf3 73. Kh2 {[#]} Kf2 $1 {Weighted Error Value: White=0.13 (very precise) /Black=0.11 (very precise)} 0-1

[Event "Lliga Catalana DH 2023"]
[Site "Catalonia"]
[Date "2023.03.25"]
[Round "10.7"]
[White "Lorenzo De La Riva, Lazaro"]
[Black "Fernandez Aguado, Enrique"]
[Result "0-1"]
[ECO "D82"]
[WhiteElo "2419"]
[BlackElo "2281"]
[Annotator "TA"]
[PlyCount "144"]
[EventDate "2023.01.24"]
[EventType "team-tourn"]
[EventCountry "ESP"]
[SourceTitle "playchess.com"]
[Source "ChessBase"]
[SourceQuality "1"]
[TimeControl "40/5400+30:1800+30"]

1. d4 d5 2. Bf4 c6 3. e3 Nf6 4. c4 g6 5. Nc3 Bg7 6. cxd5 {[%emt 0:00:39] D82: Grünfeld: 4 Bf4.} Nxd5 7. Nxd5 Qxd5 8. Ne2 {[%emt 0:00:12] The position is equal.} O-O 9. Nc3 Qa5 {[%emt 0:00:42] [#]} 10. Qd2 $146 ({Predecessor:} 10. Be2 c5 11. O-O cxd4 12. exd4 Rd8 13. Nb5 Na6 14. Bd2 Qb6 15. Qa4 Qf6 16. Ba5 {0-1 Gordeev,S (2043)-Papayan,O (2238) Khanty-Mansiysk Governor Cup-B 8th 2012 (3)}) 10... Nd7 11. a3 e5 12. dxe5 Nxe5 13. b4 (13. Be2 $15) 13... Qd8 $17 14. Be2 Be6 15. Qc2 a5 {[%emt 0:01:57] Strongly threatening ...axb4.} 16. O-O axb4 (16... Qe7 $17 17. bxa5 Rxa5) 17. axb4 $11 Qe7 18. Rxa8 Rxa8 19. Rb1 ({White should play} 19. b5 $15) 19... Ra3 20. Ne4 Ra2 21. Qd1 Bf5 22. f3 Bxe4 23. fxe4 b5 $1 {[%emt 0:01:14] Black has more active pieces.} (23... Qh4 24. b5 $15) 24. Bf1 (24. Rc1 $17) 24... h5 $19 (24... Qh4 25. Qd6 Qf2+ 26. Kh1 $11) 25. Qb3 Ra4 (25... Rd2 $19 {Hoping for ...Qh4.} 26. Rd1 Rxd1 27. Qxd1 Qxb4 28. Qd8+ Qf8 29. Qxf8+ Kxf8) 26. h3 g5 (26... Kh7 $142 27. Be2 Bf6) 27. Bg3 h4 28. Bh2 Ng6 (28... Qa7 $142 29. Qc2 Ra2) 29. Qc2 $17 Qe6 (29... Rxb4 $6 30. Rxb4 Qxb4 31. Qxc6 $11) 30. Rc1 Rxb4 (30... g4 $17 {And now ...g3 would win.} 31. hxg4 Bh6) 31. Qxc6 $11 Qxc6 (31... Qb3 $5 ) 32. Rxc6 Rb1 33. Kf2 Rb2+ 34. Kf3 b4 35. Bc4 {[%emt 0:00:10] Repels b3} Ne5+ 36. Bxe5 Bxe5 {[%emt 0:00:11][%mdl 4096] Endgame KRB-KRB} 37. Rc5 Bg3 38. Rxg5+ Kf8 39. Rf5 Rf2+ 40. Kg4 Ke7 41. Rb5 (41. Bxf7 $2 Rxf5 42. Bb3 Rf2 $19) 41... Rxg2 42. Rb7+ (42. Rxb4 $2 Be1+ 43. Kf4 Bxb4 $19) 42... Kd6 43. Bxf7 Be1+ 44. Kf5 Rf2+ 45. Kg4 Rg2+ 46. Kf4 Rf2+ 47. Kg5 Rg2+ {[%emt 0:00:26][%mdl 1024] Black has compensation.} 48. Kf6 Rf2+ 49. Kg7 (49. Kg5 $11) 49... Rf3 $17 50. Rb6+ (50. Rb5 $17) 50... Kc5 51. Rb7 (51. Rh6 $17 {was the only defense.}) 51... Bc3+ $2 (51... Rxe3 52. Be6 $19) (51... Rxh3 $19 {is more deadly.} 52. Be6 Rxe3) 52. Kg6 Rxh3 {[%emt 0:00:24] White must now prevent ...Rg3+.} 53. Kf5 (53. Kg5 $17) 53... Rxe3 $19 {[%emt 0:00:34] Threatens to win with ...h3.} 54. Bd5 (54. Be6 {was forced.}) 54... h3 55. Rc7+ Kd6 $2 ({Better is} 55... Kd4 $19 56. Rh7 Be1) 56. Rc6+ $15 Kd7 57. Rh6 {[%emt 0:00:06] Dodges h2} Bd4 58. Rh7+ Kd6 59. Rh6+ Kd7 (59... Kc5 $17) 60. Be6+ (60. Rh7+ $1 $11 {remains equal.} Kd6 61. Rh6+ Kc5 62. Kg4) 60... Kc7 $17 61. Rh7+ Kc6 62. Bd5+ Kd6 (62... Kc5 $1 $17) 63. Be6 $2 (63. Rh6+ $11 Kc5 64. Kg4) 63... Rf3+ $19 (63... b3 64. Bxb3 Rxb3 65. Rh6+ (65. Kg4 Re3 $15) 65... Kc7 66. Rh7+ (66. Kg4 Re3 $15) 66... Kd6 67. Rh6+ (67. Kg4 Re3 $15) 67... Kc5 68. Kg4 $15) 64. Kg4 {[%emt 0:00:05] [#]} Re3 $2 (64... Rf2 $1 $19 65. Bb3 h2 66. Rh6+ Ke7) 65. Bf5 $2 {[%emt 0:00:34] [#]} (65. Kf5 $1 $11) 65... b3 $1 {[%emt 0:01:10][%cal Bb4b3,Bb3b2][%mdl 32] ...Be5 is the strong threat.} 66. Rd7+ $2 (66. e5+ Rxe5 67. Rxh3) 66... Kc5 {[%emt 0:00:07] ( -> ...b2)} 67. Rc7+ Kb6 68. Rc1 b2 {[%emt 0:00:12] Black mates.} 69. Rh1 Be5 70. Be6 h2 ({Not} 70... Rxe4+ 71. Kxh3 Kc5 72. Bf5 $15) 71. Kf5 Bg3 72. Rb1 Kc5 {[%emt 0:00:11] Weighted Error Value: White=0.28 (precise) /Black=0.24 (precise)} 0-1

[Event "Lliga Catalana DH 2023"]
[Site "Catalonia"]
[Date "2023.03.25"]
[Round "10.7"]
[White "Baches Garcia, Guillermo"]
[Black "Martin Gonzalez, Angel"]
[Result "1/2-1/2"]
[ECO "B76"]
[WhiteElo "2328"]
[BlackElo "2216"]
[Annotator "TA"]
[PlyCount "45"]
[EventDate "2023.01.24"]
[EventType "team-tourn"]
[EventCountry "ESP"]
[SourceTitle "playchess.com"]
[Source "ChessBase"]
[SourceQuality "1"]
[TimeControl "40/5400+30:1800+30"]

1. e4 c5 2. Nf3 d6 3. d4 cxd4 4. Nxd4 Nf6 5. Nc3 g6 6. Be3 Bg7 7. f3 Nc6 8. Qd2 O-O 9. O-O-O d5 10. Nxc6 bxc6 11. Bh6 Qa5 12. Bxg7 {B76: Sicilian Dragon: Yugoslav Attack, 9 g4 and 9 0-0-0.} Kxg7 13. exd5 cxd5 14. g4 Be6 15. g5 (15. Qd4 $14 {deserves consideration.} h6 16. a3) 15... Nh5 $1 $11 16. Nxd5 Qxa2 {[#] A rather calm draw.   Weighted Error Value: White=0.09 (flawless) /Black=0.13 (very precise)} {Predecessor:} 17. Qc3+ $146 f6 18. Bc4 Qa1+ 19. Kd2 Qa4 20. Bb3 Qh4 21. Qe3 Bxd5 22. Bxd5 Qb4+ 23. Kc1 {1-0 Ribera Veganzones,S (2199)-Torres Rebolledo,V (2000) Madrid Alcorcon op 1st 2022 (6)} 1/2-1/2

[Event "Lliga Catalana DH 2023"]
[Site "Catalonia"]
[Date "2023.03.25"]
[Round "10.8"]
[White "Perpinya Rofes, Lluis Maria"]
[Black "Pereira, Ruben"]
[Result "0-1"]
[ECO "B67"]
[WhiteElo "2261"]
[BlackElo "2443"]
[Annotator "TA"]
[PlyCount "80"]
[EventDate "2023.01.24"]
[EventType "team-tourn"]
[EventCountry "ESP"]
[SourceTitle "playchess.com"]
[Source "ChessBase"]
[SourceQuality "1"]
[TimeControl "40/5400+30:1800+30"]

1. e4 c5 2. Nc3 Nc6 3. Nge2 d6 4. d4 cxd4 5. Nxd4 Nf6 6. Bg5 e6 7. Qd2 a6 8. O-O-O Bd7 9. f3 Nxd4 10. Qxd4 Be7 11. h4 Qc7 {[%emt 0:02:56] B67: Sicilian: Richter-Rauzer: 7...a6 8 0-0-0 Bd7, lines without 9 f4 Be7.} 12. Kb1 b5 13. a3 Rb8 {[%emt 0:09:46] [#] The position is equal.} 14. Bxf6 $146 ({Predecessor:} 14. g4 a5 15. Na2 O-O 16. Bxf6 gxf6 17. g5 e5 18. Qd2 Be6 19. Nc1 Rfc8 20. Bd3 {1-0 Maltsevskaya,A (2410)-Farmani Anosheh,A (2346) Titled Tuesday intern op 22nd Feb Late blitz 2022 (4)}) 14... gxf6 15. g4 a5 16. b4 axb4 17. axb4 Rc8 (17... O-O $5 18. g5 fxg5 $15) 18. Kb2 {[%emt 0:04:22] [#]} d5 $1 19. exd5 e5 (19... O-O $5 20. Ra1 (20. Nxb5 Qxc2+ 21. Ka3 Bxb5 22. Bxb5 Ra8+) 20... e5 $11 {[%mdl 64] Deflection}) 20. Qd3 Bxb4 21. Ne4 $36 {[%emt 0:01:55][%mdl 2048] White has some pressure.} Ra8 {[%emt 0:02:07] ...Ra3 is the strong threat.} 22. Qb3 (22. Nxf6+ $2 Kd8 23. Ne4 (23. Nxh7 $2 Ra3 $19 {[%mdl 64] Skewer}) 23... Ra3 $19) (22. c3 $1 $11 Ba3+ 23. Kc2) 22... O-O $17 {[%emt 0:06:40] Dancing on a razor blade.} (22... Qa5 23. c3 (23. Nxf6+ Ke7 $17) 23... Qa3+ 24. Kc2 (24. Qxa3 Bxa3+ 25. Kb3 Ke7 $16) 24... Qxb3+ 25. Kxb3 $16) 23. Bd3 $2 (23. Qxb4 Ra2+ 24. Kxa2 Qxc2+ 25. Ka3 Ra8+) (23. Nxf6+ Kg7 24. Nh5+ Kh8 $19) (23. d6 $1 $15 Qc6 24. Bd3 (24. Qxb4 Ra2+ {[%mdl 64] Skewer, Decoy} 25. Kxa2 Qxc2+ 26. Ka3 Ra8+) (24. Nxf6+ $2 Kg7 $19) 24... Ba3+ 25. Kb1) 23... Ba3+ $19 24. Kb1 Qa7 25. Nxf6+ Kh8 {[%emt 0:00:11] White must now prevent ...Bc5.} 26. Nxd7 {[%emt 0:01:28] [#]} (26. Bxb5 $2 Bxb5 $19) 26... Bc5 (26... Qxd7 $1 $17 27. Rhe1 (27. Bxb5 Qd6 $11) 27... Qa7) 27. Kb2 $2 Qxd7 (27... Bd4+ $1 $19 28. Kc1 (28. c3 $2 b4 $19) 28... Qxd7) 28. Bxb5 $17 {[%emt 0:01:07] [#]} (28. Qxb5 $2 {perishes.} Rfb8 29. Kc3 Rxb5 $19) 28... Qc7 {[%emt 0:01:05] Black is more active.} (28... Qd6 $1 $17 {...Ra3 would be deadly.} 29. Ra1 Rab8) 29. Ra1 $15 {[%emt 0:01:27] Wards off Ra3} Rab8 {[%emt 0:00:22][%mdl 1024] Black has compensation.} 30. c4 Bd4+ 31. Kc2 f5 {[%emt 0:00:54] Strongly threatening ...fxg4.} 32. Raf1 $2 (32. g5 $1 $11 {and White stays safe.}) 32... Qa5 33. Kd3 Rfc8 $2 (33... Ra8 $19 34. g5 Qb6) 34. Rc1 (34. gxf5 {is a self mate.} Rxb5 35. Rb1 Rxb3+ 36. Rxb3 Qa4 37. Rc3 Bxc3 38. h5 Qxc4+ 39. Ke3 Bd4+ 40. Kd2 Qc3+ 41. Ke2 Qe3+ 42. Kf1 Qf2#) (34. Ke2 $17) 34... Qa7 {[%emt 0:00:41] And now ...Ra8 would win.} 35. gxf5 $2 (35. Rhf1 Qe7 36. gxf5) 35... Qf7 36. Ke2 {[%emt 0:00:24] [#]} Rg8 $1 37. Rh2 {[%emt 0:00:30] Wards off Rg2+} (37. Kd1 Qxf5 38. Rf1) 37... Qxf5 $19 {[%emt 0:00:20] Threatens to win with ...Qf4.} 38. Qd3 Qf4 39. Rhh1 Ra8 ({And not} 39... Qg3 40. Kd1 $15) 40. Rhf1 Rg2+ {[%emt 0:00:14] A cool game by Pereira.   Weighted Error Value: White=0.87/Black=0.39} 0-1

[Event "Lliga Catalana DH 2023"]
[Site "Catalonia"]
[Date "2023.03.25"]
[Round "10.8"]
[White "Martin Barcelo, Carles"]
[Black "Chueca Forcen, Alberto"]
[Result "1-0"]
[ECO "B31"]
[WhiteElo "2208"]
[BlackElo "2354"]
[Annotator "TA"]
[PlyCount "119"]
[EventDate "2023.01.24"]
[EventType "team-tourn"]
[EventCountry "ESP"]
[SourceTitle "playchess.com"]
[Source "ChessBase"]
[SourceQuality "1"]
[TimeControl "40/5400+30:1800+30"]

1. e4 c5 2. Nf3 Nc6 3. Bb5 g6 4. O-O Bg7 5. c3 Nf6 6. Re1 O-O 7. d4 d5 8. e5 Ne4 9. Bxc6 bxc6 10. Be3 $1 {[%mdl 4] is now more promising than 10.Nbd2. B31: Sicilian: 2...Nc6 3 Bb5 g6.} Rb8 11. Qc1 Qb6 12. b3 {White is slightly better.} f6 (12... Qa5 $11) 13. dxc5 Qc7 {[#]} (13... Nxc5 $2 14. Qa3 $18) 14. e6 $146 ({Predecessor:} 14. exf6 Bxf6 15. Nfd2 Nxd2 16. Nxd2 e5 17. Nf1 Be6 18. Bg5 Bg7 19. Bh6 Rbe8 20. Bxg7 Qxg7 {1-0 Preotu,R (2473)-Gracia Alvarez,G (2237) Titled Tuesday intern op 09th Nov blitz 2021 (5)}) 14... g5 (14... Bxe6 15. Bf4 Qb7 16. Bxb8 Qxb8 17. Nbd2 $14) (14... Rb7 $11) 15. b4 $14 f5 (15... Bxe6 16. Nd4 Bd7 17. f3 $16) (15... a5 $1 $14) 16. Bd4 (16. Bxg5 $18 {Threatens to win with Bf4.} f4 17. Nbd2 Nxc3 18. Bh6 Ne2+ 19. Rxe2 Bxh6 20. Qa3) 16... g4 $16 17. Bxg7 $1 Kxg7 18. Nd4 {Really sharp!} Rf6 19. Nd2 Bxe6 20. Nxe4 fxe4 {[#]} 21. Qg5+ $1 Kh8 {[#]} 22. Nxe6 $1 Rxe6 23. Qxg4 Rg6 24. Qh5 Qf4 25. g3 Rf8 26. Qe2 e5 (26... Qh6 $16) 27. c4 ({White should play} 27. Rad1 $18) 27... Qf5 (27... d4 $16 {was necessary.}) 28. cxd5 $18 cxd5 29. Rad1 Rh6 $2 (29... Qe6 30. Rf1 Rf4) 30. f3 exf3 31. Qxe5+ Kg8 {( -> ...f2+)} 32. Qxf5 (32. Rxd5 {is a self mate.} f2+ 33. Kf1 fxe1=Q+ 34. Kxe1 Qf1+ 35. Kd2 Rxh2+) (32. Qxd5+ $2 Qxd5 33. Rxd5 f2+ 34. Kf1 fxe1=N+ 35. Kxe1 Rxh2 $19) 32... Rxf5 {[%mdl 4096] Endgame KRR-KRR} 33. Re7 f2+ 34. Kg2 Ra6 35. Re2 Ra4 36. Rb2 (36. Rxf2 Rxf2+ 37. Kxf2 Rxb4 $18) 36... Kf7 37. b5 (37. Rxf2 Rxf2+ 38. Kxf2 Rxb4 $18) 37... Ke6 38. b6 {And now b7 would win.} (38. Rxf2 Rxf2+ 39. Kxf2 Rxa2+ 40. Ke3 Rc2 $16) 38... axb6 39. cxb6 {[%cal Bc5b6,Bb6b7][%mdl 32] b7 is the strong threat.} Ra8 40. Rf1 ({Inferior is} 40. Rxf2 Rxf2+ 41. Kxf2 Rxa2+ 42. Kf3 Rb2 $11) 40... d4 $2 (40... Rf7 {might work better.} 41. a4 (41. Rfxf2 Rb7 $18) 41... Rb7) 41. Rfxf2 Rfa5 42. b7 Rb8 43. Rfc2 {Rc8 would be deadly.} Ra7 44. Rc7 h5 45. Kf2 Kd5 46. Ke2 Kd6 47. Rh7 Kd5 48. Kd3 Ra3+ 49. Rb3 Rxa2 50. Rxh5+ Kc6 51. Rh6+ Kc7 52. Rh7+ Kc6 53. Kxd4 Re2 54. Rc3+ Kb6 55. Rb3+ $2 (55. Rc8 $18 Rxb7 56. Rch8) 55... Ka7 $2 (55... Kc6 $11 56. Rc3+ Kd6) 56. Ra3+ {White is clearly winning.} Kb6 57. Rh6+ Kc7 58. Rc3+ Kd7 59. Rh7+ Kd6 60. Rc8 {Weighted Error Value: White=0.25 (precise) /Black=0.46} 1-0

[Event "Lliga Catalana DH 2023"]
[Site "Catalonia"]
[Date "2023.03.25"]
[Round "10.9"]
[White "Alonso Moyano, Jonathan"]
[Black "Bernado Lopez, Roger"]
[Result "1-0"]
[ECO "B23"]
[WhiteElo "2339"]
[BlackElo "2167"]
[Annotator "TA"]
[PlyCount "51"]
[EventDate "2023.01.24"]
[EventType "team-tourn"]
[EventCountry "ESP"]
[SourceTitle "playchess.com"]
[Source "ChessBase"]
[SourceQuality "1"]
[TimeControl "40/5400+30:1800+30"]

1. e4 c5 2. Nc3 Nc6 3. Bb5 Nd4 4. Bc4 e6 5. Nge2 Nf6 6. O-O {[%emt 0:00:29] B23: Closed Sicilian: Lines without g3.} a6 (6... d5 7. exd5 Bd6 8. dxe6 Bxe6 9. Nxd4 cxd4 10. Bxe6 fxe6 11. Nb5 $14) 7. a4 d5 8. exd5 {[%emt 0:00:09] The position is equal.} exd5 9. Ba2 (9. Nxd4 cxd4 10. Nxd5 Nxd5 $15) 9... Bg4 {[%emt 0:12:47] 9...Nxe2+ is the modern continuation.} 10. f3 (10. h3 $5 Nxe2+ 11. Nxe2 $11) 10... Be6 11. Nxd4 cxd4 12. Ne2 Bc5 13. d3 {[%emt 0:01:14] [#]} Qb6 $146 ({Predecessor:} 13... h6 14. Bd2 O-O 15. b4 Ba7 16. a5 Nd7 17. f4 Bg4 18. Bxd5 Re8 19. Rf2 Qe7 {½-½ Motylev,A (2644)-Carlsson,P (2463) Wch Blitz St Petersburg 2018 (5)}) 14. Qe1 O-O 15. a5 Qb4 ({Black should play} 15... Qd8 $14) 16. Bd2 $16 Qb5 (16... Qxb2 $2 17. Bb3 $18) 17. b4 Ba7 18. Bb3 {[%emt 0:03:52] [#] Threatens to win with Ba4.} Qc6 19. Qh4 Qd6 20. Kh1 {[%emt 0:04:37] White is more active.} (20. Nxd4 $6 Ne4 21. Be3 (21. fxe4 $2 Bxd4+ 22. Kh1 Bxa1 $19) 21... Nc3 $11) 20... Qe5 21. Bf4 Qf5 (21... Qxe2 $2 22. Rfe1 $18) (21... Qh5 $16 {was called for.} 22. Qxh5 Nxh5) 22. g4 $18 Qg6 23. Be5 {[%emt 0:00:29] Nf4 would be deadly.} Rfe8 $2 (23... h6 24. Rae1 (24. Nxd4 Nd7 $16) (24. Bxd4 Bxd4 25. Nxd4 Bd7 $16) 24... Rad8) 24. Nf4 {[%emt 0:00:29] White is clearly winning.} ({Weaker is} 24. Nxd4 Nd7 $16) ({Not} 24. Bxd4 Bxd4 25. Nxd4 h6 $18) 24... Qh6 25. Qxh6 {[%emt 0:00:12][%mdl 64] [#] Remove Defender, Deflection} gxh6 26. Bxf6 {[%emt 0:00:07] Weighted Error Value: White=0.08 (flawless) /Black=0.27 (precise)} 1-0

[Event "Lliga Catalana DH 2023"]
[Site "Catalonia"]
[Date "2023.03.25"]
[Round "10.9"]
[White "Garcia Jimenez, Francisco Javier"]
[Black "Rovira Vila, Jaume"]
[Result "1-0"]
[ECO "B13"]
[WhiteElo "2230"]
[BlackElo "2071"]
[Annotator "TA"]
[PlyCount "41"]
[EventDate "2023.01.24"]
[EventType "team-tourn"]
[EventCountry "ESP"]
[SourceTitle "playchess.com"]
[Source "ChessBase"]
[SourceQuality "1"]
[TimeControl "40/5400+30:1800+30"]

1. e4 c6 2. Nf3 d5 3. exd5 cxd5 4. d4 Nf6 5. Ne5 g6 6. Bd3 {B13: Caro-Kann: Exchange Variation and Panov-Botvinnik Attack.} Bg7 7. c3 {was the old line (7.0-0).} Nc6 8. f4 {The position is equal.} O-O 9. O-O Bf5 10. Bxf5 gxf5 11. Rf3 e6 12. Rh3 Rc8 13. Nd2 Ne7 {[#]} 14. Nf1 $146 ({Predecessor:} 14. a4 Rc7 15. Qe2 a6 16. Nf1 Nc8 17. b3 Ne7 18. Ba3 Ne4 19. Bb4 Qc8 20. Bxe7 Rxe7 {1-0 Beveridge,C (2175)-Owens,J (2173) W-ch WS/M/643 email 2017}) 14... Ng6 15. Ng3 Nxe5 $4 {[%mdl 8192] This costs Black the game.} (15... Re8 $11) 16. fxe5 $18 Ng4 {[#]} 17. Nh5 f6 18. Rg3 fxe5 {...Qh4 would be deadly.} 19. h3 exd4 20. Nxg7 ({Weaker is} 20. hxg4 f4 21. Bxf4 (21. Nxf4 Qb6 $16) 21... Qb6 $18) (20. cxd4 e5 21. hxg4 f4 $18) 20... Qd6 (20... Kxg7 $142 21. Qxd4+ {[%mdl 64] Pin} Qf6 22. hxg4 f4) 21. Nh5 {Weighted Error Value: White=0.03 (flawless) /Black=0.56} 1-0